Blackdemons vs Carnivores
(R2)
Created - 21 mars 2014 at 19:03
Goals
|
| Blackdemons |
1 |
2 |
1 |
4 |
| Carnivores |
2 |
1 |
0 |
3 |
|
Shots
|
| Blackdemons |
13 |
14 |
4 |
31 |
| Carnivores |
13 |
14 |
5 |
32 |
|
1st period
1. Blackdemons , Denis Hamel 25 (Barry Tallackson) at 1:44
2. Carnivores , Billy Sweat 8 (Matt Cullen, Andrew Ference) at 3:57
3. Carnivores , Matt Cullen 39 (Josef Melichar) at 17:42 (SH)
Penalties :
Zack Smith (Bre) for Hooking (Minor) at 10:31, Manny Malhotra (Bre) for Interference (Minor) at 16:35
2nd period
4. Carnivores , Jeremy Welsh 12 (Tim Conboy) at 4:43
5. Blackdemons , Shawn Matthias 19 (Barry Tallackson, Denis Hamel) at 5:20
6. Blackdemons , Brandon Dubinsky 45 (Curtis Glencross, Nate Prosser) at 6:47
Penalties :
Nate Prosser (MJM) for Boarding (Minor) at 9:43, Matt Cullen (Bre) for High sticking (Minor) at 19:30
3rd period
7. Blackdemons , Curtis Glencross 19 (Michael Kostka) at 6:38
Penalties :
David Schlemko (Bre) for Hooking (Minor) at 11:18
Goalie Stats
Kevin Weekes (MJM), 29 saves from 32 shots - (0,906), W, 21-8-3, 60:00 minutes
Corey Crawford (Bre), 27 saves from 31 shots - (0,871), L, 17-15-2, 59:09 minutes
Players Stats for Blackdemons
Player Name G A P +/- PIM S H SB GA TA FO MP PP MP PK MP
------------------------------------------------------------------------------------
Andrew MacDonald 0 0 0 -1 0 0 0 0 0 0 0/0 18:16 3:41 0:13
Antoine Roussel 0 0 0 -1 0 4 1 2 0 0 0/0 19:07 3:57 0:20
Barry Tallackson 0 2 2 2 0 1 1 0 0 2 0/0 11:53 0:00 0:00
Brandon Dubinsky 1 0 1 1 0 5 4 0 1 0 4/13 17:19 3:57 0:35
Brendon Nash 0 0 0 0 0 3 3 0 0 2 0/0 19:27 4:05 0:32
Curtis Glencross 1 1 2 0 0 6 5 0 0 0 0/0 18:57 3:59 1:13
Denis Hamel 1 1 2 2 0 2 1 0 0 0 1/1 12:25 0:00 0:26
Enver Lisin 0 0 0 -2 0 1 2 1 3 0 0/0 21:10 3:59 0:20
Jakub Kindl 0 0 0 0 0 0 1 1 0 0 0/0 15:28 0:24 1:15
Matt Hunwick 0 0 0 1 0 0 1 0 0 0 0/0 15:53 0:00 1:14
Michael Haley 0 0 0 0 0 0 1 1 0 0 0/0 9:27 0:00 0:00
Michael Kostka 0 1 1 1 0 0 1 0 1 1 0/0 25:52 3:51 0:44
Nate Prosser 0 1 1 1 2 3 3 3 0 0 0/0 25:26 3:51 0:00
Sam Gagner 0 0 0 -2 0 0 2 0 0 0 8/23 19:10 3:59 0:00
Shawn Matthias 1 0 1 2 0 1 1 0 0 0 4/6 10:56 0:00 0:00
Steven Zalewski 0 0 0 0 0 1 1 1 1 0 2/4 9:22 0:00 0:00
Tomas Kopecky 0 0 0 1 0 2 1 0 0 0 1/3 19:00 3:57 1:04
Zach Boychuk 0 0 0 0 0 2 1 1 0 0 0/0 8:52 0:00 0:00
Players Stats for Carnivores
Player Name G A P +/- PIM S H SB GA TA FO MP PP MP PK MP
------------------------------------------------------------------------------------
Andrew Ference 0 1 1 -1 0 1 1 2 2 3 0/0 25:41 1:19 4:49
Anton Gustafsson 0 0 0 -1 0 0 2 1 0 0 15/28 21:06 1:10 4:57
Billy Sweat 1 0 1 -2 0 1 1 0 1 0 1/1 14:45 0:49 0:11
Blake Geoffrion 0 0 0 -1 0 2 1 0 1 0 0/0 19:53 1:10 2:00
Brian Strait 0 0 0 0 0 0 0 0 0 0 0/0 5:28 0:00 0:00
Cal O'Reilly 0 0 0 1 0 0 0 1 0 0 0/0 11:50 0:13 2:28
Chris Butler 0 0 0 0 0 0 0 0 0 0 0/0 5:28 0:00 0:00
Chris Lawrence 0 0 0 -2 0 6 2 0 0 0 1/1 13:40 0:00 0:00
David Schlemko 0 0 0 0 2 0 1 1 0 1 0/0 11:26 0:00 0:00
David Van Der Gulik 0 0 0 -1 0 4 3 0 0 0 1/1 22:29 1:11 5:04
Ian Schultz 0 0 0 0 0 0 0 0 0 0 0/0 8:57 0:00 0:00
Jeremy Welsh 1 0 1 1 0 1 1 0 0 0 0/0 10:36 0:00 0:00
Jordie Benn 0 0 0 0 0 1 0 0 0 0 0/0 11:01 0:00 0:00
Josef Melichar 0 1 1 0 0 2 1 1 0 0 0/0 17:50 0:40 3:07
Manny Malhotra 0 0 0 0 2 1 0 0 0 1 4/5 9:32 0:00 0:06
Matt Cullen 1 1 2 -1 2 8 3 0 1 0 6/10 16:58 0:49 1:06
Nick Boynton 0 0 0 -1 0 0 3 3 0 1 0/0 25:41 1:19 4:49
Phil Oreskovic 0 0 0 0 0 0 0 0 0 0 0/0 17:50 0:40 3:07
Tim Conboy 0 1 1 1 0 5 1 0 0 0 0/0 11:11 0:35 0:00
Zack Smith 0 0 0 1 2 0 0 0 0 0 2/4 10:38 0:00 0:00
3 Stars
1 - Curtis Glencross (MJM)
2 - Denis Hamel (MJM)
3 - Brandon Dubinsky (MJM)
Power Play
Blackdemons - 0 on 4 Attempt(s) - 0,00%
Carnivores - 0 on 1 Attempt(s) - 0,00%
Penalty Kill
Blackdemons - 1 on 1 Attempt(s) - 100,00%
- Score 0 goal in Penalty Kill
Carnivores - 4 on 4 Attempt(s) - 100,00%
- Score 1 goal in Penalty Kill
Official
Referees : Jackson Dave and Walkom Stephen
Linesman : Derek Nansen and Mark Wheler
Game Notes
No Game Note
Finance
Level 1 -- Attendance: 1394 (69,70%) -- Ticket Income 54 366 $
Level 2 -- Attendance: 768 (76,80%) -- Ticket Income 13 824 $
Total Attendance: 2162 (72,07%)
Total Ticket Income: 68 190 $
Other Income: 3 410 $
Total Income: 71 600 $
Blackdemons
5 vs 5 Forward
Center Left Wing Right Wing Time % Phy DF OF
1 Sam Gagner Antoine Roussel Enver Lisin 35 1 1 3
2 Brandon Dubinsky Curtis Glencross Tomas Kopecky 30 2 1 2
3 Shawn Matthias Denis Hamel Barry Tallackson 25 1 3 1
4 Steven Zalewski Zach Boychuk Michael Haley 10 0 5 0
5 vs 5 Defense
Defense Defense Time % Phy DF OF
1 Nate Prosser Michael Kostka 35 1 3 1
2 Brendon Nash Matt Hunwick 30 1 3 1
3 Jakub Kindl Andrew MacDonald 25 1 3 1
4 Nate Prosser Michael Kostka 10 1 1 3
PowerPlay Forward
Center Left Wing Right Wing Time % Phy DF OF
1 Brandon Dubinsky Antoine Roussel Tomas Kopecky 50 1 1 3
2 Sam Gagner Curtis Glencross Enver Lisin 50 1 1 3
PowerPlay Defense
Defense Defense Time % Phy DF OF
1 Brendon Nash Andrew MacDonald 50 1 2 2
2 Nate Prosser Michael Kostka 50 1 2 2
Penalty Kill 4 Players Forward
Center Wing Time % Phy DF OF
1 Tomas Kopecky Curtis Glencross 60 1 4 0
2 Enver Lisin Antoine Roussel 40 1 4 0
Penalty Kill 4 Players Defense
Defense Defense Time % Phy DF OF
1 Jakub Kindl Matt Hunwick 60 1 4 0
2 Nate Prosser Michael Kostka 40 1 4 0
Penalty Kill - 3 Players Forward
Forward Time % Phy DF OF
1 Tomas Kopecky 60 1 4 0
2 Curtis Glencross 40 1 4 0
Penalty Kill - 3 Players Defense
Defense Defense Time % Phy DF OF
1 Jakub Kindl Matt Hunwick 60 1 4 0
2 Nate Prosser Michael Kostka 40 1 4 0
4 vs 4 Forward
Center Wing Time % Phy DF OF
1 Enver Lisin Antoine Roussel 60 1 2 2
2 Tomas Kopecky Curtis Glencross 40 1 3 1
4 vs 4 Defense
Defense Defense Time % Phy DF OF
1 Brendon Nash Andrew MacDonald 60 1 2 2
2 Jakub Kindl Matt Hunwick 40 1 4 0
Last Minutes Offensive
Center Left Wing Right Wing Defense Defense
Sam Gagner Antoine Roussel Enver Lisin Brendon Nash Michael Kostka
Last Minutes Defensive
Center Left Wing Right Wing Defense Defense
Tomas Kopecky Curtis Glencross Enver Lisin Nate Prosser Michael Kostka
Goaltenders
Starting : Kevin Weekes
Backup : Brent Johnson
Extra Forwards
Normal : Brandon Dubinsky, Barry Tallackson, Denis Hamel - PP : Denis Hamel, Barry Tallackson - PK : Brandon Dubinsky
Extra Defensemen
Normal : Andrew MacDonald, Brendon Nash, Jakub Kindl - PP : Jakub Kindl - PK : Brendon Nash, Andrew MacDonald
Penalty Shots
Brandon Dubinsky, Enver Lisin, Barry Tallackson, Tomas Kopecky, Antoine Roussel
Carnivores
5 vs 5 Forward
Center Left Wing Right Wing Time % Phy DF OF
1 Anton Gustafsson Blake Geoffrion David Van Der Gulik 40 0 2 2
2 Matt Cullen Billy Sweat Chris Lawrence 30 1 2 2
3 Zack Smith Jeremy Welsh Tim Conboy 20 1 2 2
4 Manny Malhotra Cal O'Reilly Ian Schultz 10 1 2 2
5 vs 5 Defense
Defense Defense Time % Phy DF OF
1 Nick Boynton Andrew Ference 40 1 2 2
2 Phil Oreskovic Josef Melichar 30 1 2 2
3 David Schlemko Jordie Benn 20 1 2 2
4 Chris Butler Brian Strait 10 1 2 2
PowerPlay Forward
Center Left Wing Right Wing Time % Phy DF OF
1 Anton Gustafsson Blake Geoffrion David Van Der Gulik 60 1 2 2
2 Matt Cullen Billy Sweat David Van Der Gulik 40 1 2 2
PowerPlay Defense
Defense Defense Time % Phy DF OF
1 Nick Boynton Andrew Ference 60 1 2 2
2 Phil Oreskovic Josef Melichar 40 1 2 2
Penalty Kill 4 Players Forward
Center Wing Time % Phy DF OF
1 Anton Gustafsson David Van Der Gulik 60 1 2 2
2 Matt Cullen David Van Der Gulik 40 1 2 2
Penalty Kill 4 Players Defense
Defense Defense Time % Phy DF OF
1 Nick Boynton Andrew Ference 60 1 2 2
2 Phil Oreskovic Josef Melichar 40 1 2 2
Penalty Kill - 3 Players Forward
Forward Time % Phy DF OF
1 David Van Der Gulik 60 1 2 2
2 Matt Cullen 40 1 2 2
Penalty Kill - 3 Players Defense
Defense Defense Time % Phy DF OF
1 Nick Boynton Andrew Ference 60 1 2 2
2 Phil Oreskovic Josef Melichar 40 1 2 2
4 vs 4 Forward
Center Wing Time % Phy DF OF
1 Anton Gustafsson David Van Der Gulik 60 1 2 2
2 Matt Cullen David Van Der Gulik 40 1 2 2
4 vs 4 Defense
Defense Defense Time % Phy DF OF
1 Nick Boynton Andrew Ference 60 1 2 2
2 Phil Oreskovic Josef Melichar 40 1 2 2
Last Minutes Offensive
Center Left Wing Right Wing Defense Defense
Matt Cullen Blake Geoffrion David Van Der Gulik Nick Boynton Andrew Ference
Last Minutes Defensive
Center Left Wing Right Wing Defense Defense
Anton Gustafsson Billy Sweat David Van Der Gulik Nick Boynton Andrew Ference
Goaltenders
Starting : Corey Crawford
Backup : Mike Morrison
Extra Forwards
Normal : Tim Conboy, Billy Sweat, Anton Gustafsson - PP : Tim Conboy, Cal O'Reilly - PK : Cal O'Reilly
Extra Defensemen
Normal : Phil Oreskovic, Chris Butler, David Schlemko - PP : Phil Oreskovic - PK : Chris Butler, David Schlemko
Penalty Shots
Matt Cullen, David Van Der Gulik, Blake Geoffrion, Jeremy Welsh, Tim Conboy
% Time on Ice - Blackdemons
Lines # - Real PCT - Wanted PCT - Time Play
Normal Forward
1 - 30% - 35% - 14:31
2 - 30% - 30% - 14:34
3 - 22% - 25% - 10:56
4 - 18% - 10% - 8:52
Normal Defense
1 - 36% - 35% - 17:26
2 - 31% - 30% - 15:00
3 - 28% - 25% - 13:52
4 - 5% - 10% - 2:35
PP Forward
1 - 50% - 50% - 3:57
2 - 50% - 50% - 3:59
PP Defense
1 - 51% - 50% - 4:05
2 - 49% - 50% - 3:51
PK Forward
1 - 83% - 60% - 1:39
2 - 17% - 40% - 0:20
PK Defense
1 - 62% - 60% - 1:14
2 - 38% - 40% - 0:45
PK3 Forward
1 - 0% - 60%
2 - 0% - 40%
PK3 Defense
1 - 0% - 60%
2 - 0% - 40%
44 Forward
1 - 0% - 60%
2 - 0% - 40%
44 Defense
1 - 0% - 60%
2 - 0% - 40%
Last Minute Offensive - 0:00
Last Minute Defensive - 1:12
Total
Forward - 60:00
Defense - 60:00
|
% Time on Ice - Carnivores
Lines # - Real PCT - Wanted PCT - Time Play
Normal Forward
1 - 32% - 40% - 15:28
2 - 28% - 30% - 13:51
3 - 22% - 20% - 10:36
4 - 18% - 10% - 8:57
Normal Defense
1 - 39% - 40% - 19:09
2 - 29% - 30% - 14:03
3 - 21% - 20% - 10:12
4 - 11% - 10% - 5:28
PP Forward
1 - 59% - 60% - 1:10
2 - 41% - 40% - 0:49
PP Defense
1 - 66% - 60% - 1:19
2 - 34% - 40% - 0:40
PK Forward
1 - 84% - 60% - 6:42
2 - 16% - 40% - 1:14
PK Defense
1 - 61% - 60% - 4:49
2 - 39% - 40% - 3:07
PK3 Forward
1 - 0% - 60%
2 - 0% - 40%
PK3 Defense
1 - 0% - 60%
2 - 0% - 40%
44 Forward
1 - 0% - 60%
2 - 0% - 40%
44 Defense
1 - 0% - 60%
2 - 0% - 40%
Last Minute Offensive - 1:13
Last Minute Defensive - 0:00
Total
Forward - 60:00
Defense - 60:00
|
Play by Play
1st period
0:01 of 1st period - Sam Gagner wins face-off versus Anton Gustafsson in neutral zone.
0:26 of 1st period - Michael Kostka is hit by Chris Lawrence and loses puck.
1:35 of 1st period - Barry Tallackson is hit by Matt Cullen and loses puck.
1:44 of 1st period - Snap shot by Denis Hamel.
1:44 of 1st period - Goal by Denis Hamel - Blackdemons : 1 - Carnivores : 0.
1:45 of 1st period - Sam Gagner wins face-off versus Anton Gustafsson in neutral zone.
1:58 of 1st period - Wrist shot by Antoine Roussel.
1:58 of 1st period - Shot Misses the Net.
2:00 of 1st period - Snap shot by Andrew MacDonald.
2:00 of 1st period - Shot Misses the Net.
2:39 of 1st period - Wrist shot by Blake Geoffrion.
2:39 of 1st period - Stopped by Kevin Weekes without a rebound.
2:40 of 1st period - Matt Cullen wins face-off versus Sam Gagner in Blackdemons zone.
2:45 of 1st period - Snap shot by Chris Lawrence.
2:45 of 1st period - Stopped by Kevin Weekes without a rebound.
2:46 of 1st period - Chris Lawrence wins face-off versus Sam Gagner in Blackdemons zone.
2:49 of 1st period - Snap shot by Chris Lawrence.
2:49 of 1st period - Stopped by Kevin Weekes without a rebound.
2:50 of 1st period - Billy Sweat wins face-off versus Sam Gagner in Blackdemons zone.
3:33 of 1st period - Wrist shot by Matt Cullen.
3:33 of 1st period - Shot Blocked by Nate Prosser.
3:35 of 1st period - Snap shot by Nick Boynton.
3:35 of 1st period - Shot Misses the Net.
3:37 of 1st period - Snap shot by Matt Cullen.
3:37 of 1st period - Shot Misses the Net.
3:39 of 1st period - Slapshot by Matt Cullen.
3:39 of 1st period - Deflect By Chris Lawrence.
3:39 of 1st period - Stopped by Kevin Weekes with a rebound.
3:57 of 1st period - Slapshot by Matt Cullen.
3:57 of 1st period - Deflect By Billy Sweat.
3:57 of 1st period - Goal by Billy Sweat - Blackdemons : 1 - Carnivores : 1.
3:58 of 1st period - Zack Smith wins face-off versus Brandon Dubinsky in neutral zone.
4:07 of 1st period - Wrist shot by Brandon Dubinsky.
4:07 of 1st period - Stopped by Corey Crawford with a rebound.
4:39 of 1st period - Icing by Josef Melichar.
4:40 of 1st period - Manny Malhotra wins face-off versus Shawn Matthias in Carnivores zone.
4:42 of 1st period - Icing by Josef Melichar.
4:43 of 1st period - Shawn Matthias wins face-off versus Manny Malhotra in Carnivores zone.
4:44 of 1st period - Snap shot by Barry Tallackson.
4:44 of 1st period - Shot Misses the Net.
4:46 of 1st period - Slapshot by Nate Prosser.
4:46 of 1st period - Stopped by Corey Crawford with a rebound.
4:48 of 1st period - Backhand shot by Nate Prosser.
4:48 of 1st period - Stopped by Corey Crawford with a rebound.
4:50 of 1st period - Slapshot by Nate Prosser.
4:50 of 1st period - Shot Misses the Net.
4:52 of 1st period - Snap shot by Michael Kostka.
4:52 of 1st period - Shot Misses the Net.
4:56 of 1st period - Wrist shot by Barry Tallackson.
4:56 of 1st period - Stopped by Corey Crawford with a rebound.
5:12 of 1st period - Wrist shot by Brandon Dubinsky.
5:12 of 1st period - Shot Misses the Net.
5:35 of 1st period - Snap shot by Antoine Roussel.
5:35 of 1st period - Stopped by Corey Crawford without a rebound.
5:36 of 1st period - Brandon Dubinsky wins face-off versus Zack Smith in Carnivores zone.
6:01 of 1st period - Steven Zalewski is hit by Nick Boynton and loses puck.
6:10 of 1st period - Wrist shot by David Van Der Gulik.
6:10 of 1st period - Shot Blocked by Zach Boychuk.
6:12 of 1st period - Slapshot by Jordie Benn.
6:12 of 1st period - Stopped by Kevin Weekes with a rebound.
6:33 of 1st period - Off-side.
6:34 of 1st period - Anton Gustafsson wins face-off versus Brandon Dubinsky in neutral zone.
6:45 of 1st period - Snap shot by David Van Der Gulik.
6:45 of 1st period - Stopped by Kevin Weekes with a rebound.
6:51 of 1st period - Nick Boynton is hit by Nate Prosser and loses puck.
7:06 of 1st period - Snap shot by Tim Conboy.
7:06 of 1st period - Stopped by Kevin Weekes with a rebound.
8:11 of 1st period - Billy Sweat is hit by Curtis Glencross and loses puck.
9:03 of 1st period - Snap shot by Blake Geoffrion.
9:03 of 1st period - Shot Misses the Net.
9:19 of 1st period - Nick Boynton is hit by Michael Haley and loses puck.
9:30 of 1st period - Michael Haley is hit by Andrew Ference and loses puck.
9:35 of 1st period - Snap shot by Cal O'Reilly.
9:35 of 1st period - Shot Blocked by Steven Zalewski.
9:37 of 1st period - Slapshot by Andrew Ference.
9:37 of 1st period - Deflect By Manny Malhotra.
9:37 of 1st period - Stopped by Kevin Weekes without a rebound.
9:38 of 1st period - David Van Der Gulik wins face-off versus Brandon Dubinsky in Blackdemons zone.
10:31 of 1st period - Minor Penalty to Zack Smith for Hooking.
10:32 of 1st period - Anton Gustafsson wins face-off versus Brandon Dubinsky in Carnivores zone.
10:48 of 1st period - Wrist shot by Antoine Roussel.
10:48 of 1st period - Stopped by Corey Crawford with a rebound.
12:03 of 1st period - David Van Der Gulik is hit by Curtis Glencross.
12:28 of 1st period - Andrew Ference is hit by Nate Prosser and loses puck.
12:31 of 1st period - Penalty to Zack Smith is over, Zack Smith is back on ice.
13:06 of 1st period - Slapshot by Brendon Nash.
13:06 of 1st period - Shot Blocked by David Schlemko.
13:08 of 1st period - Snap shot by Brendon Nash.
13:08 of 1st period - Stopped by Corey Crawford without a rebound.
13:09 of 1st period - Manny Malhotra wins face-off versus Steven Zalewski in Carnivores zone.
13:34 of 1st period - Barry Tallackson is hit by Anton Gustafsson.
13:56 of 1st period - Tim Conboy is hit by Matt Hunwick and loses puck.
14:45 of 1st period - Slapshot by Matt Hunwick.
14:45 of 1st period - Shot Blocked by Andrew Ference.
15:07 of 1st period - Slapshot by Barry Tallackson.
15:07 of 1st period - Shot Blocked by Anton Gustafsson.
15:09 of 1st period - Slapshot by Nate Prosser.
15:09 of 1st period - Stopped by Corey Crawford without a rebound.
15:10 of 1st period - Matt Cullen wins face-off versus Sam Gagner in Carnivores zone.
15:10 of 1st period - Matt Cullen is hit by Nate Prosser.
15:36 of 1st period - David Van Der Gulik is hit by Tomas Kopecky.
16:00 of 1st period - Andrew MacDonald is hit by Jeremy Welsh and loses puck.
16:27 of 1st period - Snap shot by Steven Zalewski.
16:27 of 1st period - Shot Blocked by Cal O'Reilly.
16:29 of 1st period - Snap shot by Steven Zalewski.
16:29 of 1st period - Shot Blocked by Nick Boynton.
16:35 of 1st period - Minor Penalty to Manny Malhotra for Interference.
16:36 of 1st period - Anton Gustafsson wins face-off versus Sam Gagner in Carnivores zone.
16:43 of 1st period - Wrist shot by Sam Gagner.
16:43 of 1st period - Shot Misses the Net.
16:45 of 1st period - Slapshot by Nate Prosser.
16:45 of 1st period - Shot Blocked by Nick Boynton.
17:03 of 1st period - Brandon Dubinsky is hit by Anton Gustafsson and loses puck.
17:10 of 1st period - Snap shot by Tomas Kopecky.
17:10 of 1st period - Deflect By Antoine Roussel.
17:10 of 1st period - Shot Blocked by Nick Boynton.
17:10 of 1st period - Puck is out of play.
17:11 of 1st period - Brandon Dubinsky wins face-off versus Anton Gustafsson in Carnivores zone.
17:14 of 1st period - Slapshot by Brandon Dubinsky.
17:14 of 1st period - Stopped by Corey Crawford with a rebound.
17:16 of 1st period - Wrist shot by Antoine Roussel.
17:16 of 1st period - Stopped by Corey Crawford with a rebound.
17:18 of 1st period - Wrist shot by Antoine Roussel.
17:18 of 1st period - Shot Misses the Net.
17:20 of 1st period - Slapshot by Tomas Kopecky.
17:20 of 1st period - Shot Misses the Net.
17:42 of 1st period - Snap shot by Matt Cullen.
17:42 of 1st period - Goal by Matt Cullen - Blackdemons : 1 - Carnivores : 2.
17:43 of 1st period - Sam Gagner wins face-off versus Anton Gustafsson in neutral zone.
17:46 of 1st period - Wrist shot by Curtis Glencross.
17:46 of 1st period - Stopped by Corey Crawford with a rebound.
18:31 of 1st period - Josef Melichar is hit by Brandon Dubinsky.
18:35 of 1st period - Penalty to Manny Malhotra is over, Manny Malhotra is back on ice.
18:38 of 1st period - Off-side.
18:39 of 1st period - Shawn Matthias wins face-off versus Zack Smith in neutral zone.
19:12 of 1st period - Wrist shot by Matt Cullen.
19:12 of 1st period - Stopped by Kevin Weekes with a rebound.
19:18 of 1st period - Snap shot by Chris Lawrence.
19:18 of 1st period - Stopped by Kevin Weekes with a rebound.
19:30 of 1st period - Backhand shot by David Van Der Gulik.
19:30 of 1st period - Stopped by Kevin Weekes with a rebound.
19:32 of 1st period - Snap shot by Anton Gustafsson.
19:32 of 1st period - Shot Misses the Net.
19:48 of 1st period - Wrist shot by Curtis Glencross.
19:48 of 1st period - Stopped by Corey Crawford without a rebound.
19:49 of 1st period - Matt Cullen wins face-off versus Brandon Dubinsky in Carnivores zone.
19:49 of 1st period - Matt Cullen is hit by Brandon Dubinsky.
19:59 of 1st period - Snap shot by Matt Cullen.
19:59 of 1st period - Shot Misses the Net.
Goals for this period are 1 for Blackdemons vs 2 for Carnivores.
Shots for this period are 13 for Blackdemons vs 13 for Carnivores.
2nd period
0:01 of 2nd period - Sam Gagner wins face-off versus Anton Gustafsson in neutral zone.
0:08 of 2nd period - Wrist shot by Enver Lisin.
0:08 of 2nd period - Shot Misses the Net.
0:26 of 2nd period - Nick Boynton is hit by Curtis Glencross and loses puck.
0:37 of 2nd period - Snap shot by Tomas Kopecky.
0:37 of 2nd period - Stopped by Corey Crawford with a rebound.
1:35 of 2nd period - David Schlemko is hit by Sam Gagner and loses puck.
2:05 of 2nd period - Snap shot by Curtis Glencross.
2:05 of 2nd period - Stopped by Corey Crawford without a rebound.
2:06 of 2nd period - Brandon Dubinsky wins face-off versus Anton Gustafsson in Carnivores zone.
2:31 of 2nd period - Andrew Ference is hit by Antoine Roussel and loses puck.
3:03 of 2nd period - Phil Oreskovic is hit by Zach Boychuk.
3:13 of 2nd period - Wrist shot by Matt Cullen.
3:13 of 2nd period - Stopped by Kevin Weekes with a rebound.
3:29 of 2nd period - Wrist shot by Chris Lawrence.
3:29 of 2nd period - Stopped by Kevin Weekes with a rebound.
3:39 of 2nd period - Snap shot by Matt Cullen.
3:39 of 2nd period - Stopped by Kevin Weekes without a rebound.
3:40 of 2nd period - Shawn Matthias wins face-off versus Anton Gustafsson in Blackdemons zone.
3:52 of 2nd period - Wrist shot by Denis Hamel.
3:52 of 2nd period - Stopped by Corey Crawford without a rebound.
3:53 of 2nd period - Anton Gustafsson wins face-off versus Sam Gagner in Carnivores zone.
4:04 of 2nd period - Snap shot by David Van Der Gulik.
4:04 of 2nd period - Stopped by Kevin Weekes with a rebound.
4:06 of 2nd period - Slapshot by David Van Der Gulik.
4:06 of 2nd period - Shot Misses the Net.
4:08 of 2nd period - Snap shot by Anton Gustafsson.
4:08 of 2nd period - Shot Misses the Net.
4:43 of 2nd period - Wrist shot by Jeremy Welsh.
4:43 of 2nd period - Goal by Jeremy Welsh - Blackdemons : 1 - Carnivores : 3.
4:44 of 2nd period - Anton Gustafsson wins face-off versus Brandon Dubinsky in neutral zone.
5:14 of 2nd period - Brian Strait is hit by Barry Tallackson.
5:20 of 2nd period - Wrist shot by Barry Tallackson.
5:20 of 2nd period - Deflect By Shawn Matthias.
5:20 of 2nd period - Goal by Shawn Matthias - Blackdemons : 2 - Carnivores : 3.
5:21 of 2nd period - Anton Gustafsson wins face-off versus Sam Gagner in neutral zone.
5:24 of 2nd period - Nate Prosser is hit by David Van Der Gulik.
5:32 of 2nd period - Snap shot by Antoine Roussel.
5:32 of 2nd period - Stopped by Corey Crawford with a rebound.
6:23 of 2nd period - Wrist shot by Blake Geoffrion.
6:23 of 2nd period - Stopped by Kevin Weekes with a rebound.
6:41 of 2nd period - Snap shot by Curtis Glencross.
6:41 of 2nd period - Shot Misses the Net.
6:45 of 2nd period - Snap shot by Curtis Glencross.
6:45 of 2nd period - Stopped by Corey Crawford with a rebound.
6:47 of 2nd period - Slapshot by Brandon Dubinsky.
6:47 of 2nd period - Goal by Brandon Dubinsky - Blackdemons : 3 - Carnivores : 3.
6:48 of 2nd period - Sam Gagner wins face-off versus Matt Cullen in neutral zone.
6:53 of 2nd period - Snap shot by Enver Lisin.
6:53 of 2nd period - Stopped by Corey Crawford without a rebound.
6:54 of 2nd period - Matt Cullen wins face-off versus Sam Gagner in Carnivores zone.
6:54 of 2nd period - Matt Cullen is hit by Enver Lisin.
7:34 of 2nd period - Andrew Ference is hit by Curtis Glencross.
7:44 of 2nd period - Ian Schultz is hit by Shawn Matthias and loses puck.
7:55 of 2nd period - Snap shot by Brendon Nash.
7:55 of 2nd period - Shot Misses the Net.
8:05 of 2nd period - Nate Prosser is hit by Chris Lawrence and loses puck.
8:12 of 2nd period - Snap shot by Chris Lawrence.
8:12 of 2nd period - Stopped by Kevin Weekes without a rebound.
8:13 of 2nd period - Anton Gustafsson wins face-off versus Sam Gagner in Blackdemons zone.
8:22 of 2nd period - Snap shot by Anton Gustafsson.
8:22 of 2nd period - Shot Blocked by Antoine Roussel.
8:24 of 2nd period - Snap shot by Anton Gustafsson.
8:24 of 2nd period - Shot Blocked by Nate Prosser.
8:26 of 2nd period - Slapshot by Josef Melichar.
8:26 of 2nd period - Shot Blocked by Enver Lisin.
8:40 of 2nd period - Backhand shot by Josef Melichar.
8:40 of 2nd period - Deflect By Zack Smith.
8:40 of 2nd period - Shot Misses the Net.
8:40 of 2nd period - Puck is out of play.
8:41 of 2nd period - Zack Smith wins face-off versus Brandon Dubinsky in Blackdemons zone.
8:48 of 2nd period - Snap shot by Nick Boynton.
8:48 of 2nd period - Shot Misses the Net.
8:50 of 2nd period - Snap shot by Tim Conboy.
8:50 of 2nd period - Stopped by Kevin Weekes with a rebound.
8:52 of 2nd period - Snap shot by Tim Conboy.
8:52 of 2nd period - Stopped by Kevin Weekes with a rebound.
8:54 of 2nd period - Slapshot by Tim Conboy.
8:54 of 2nd period - Stopped by Kevin Weekes without a rebound.
8:55 of 2nd period - Anton Gustafsson wins face-off versus Sam Gagner in Blackdemons zone.
9:20 of 2nd period - Curtis Glencross is hit by Nick Boynton and loses puck.
9:24 of 2nd period - Icing by Tomas Kopecky.
9:25 of 2nd period - Matt Cullen wins face-off versus Brandon Dubinsky in Blackdemons zone.
9:28 of 2nd period - Snap shot by Chris Lawrence.
9:28 of 2nd period - Deflect By Matt Cullen.
9:28 of 2nd period - Stopped by Kevin Weekes without a rebound.
9:29 of 2nd period - Anton Gustafsson wins face-off versus Sam Gagner in Blackdemons zone.
9:43 of 2nd period - Minor Penalty to Nate Prosser for Boarding.
9:44 of 2nd period - Anton Gustafsson wins face-off versus Tomas Kopecky in Blackdemons zone.
9:54 of 2nd period - Snap shot by Blake Geoffrion.
9:54 of 2nd period - Shot Misses the Net.
9:56 of 2nd period - Slapshot by Andrew Ference.
9:56 of 2nd period - Stopped by Kevin Weekes without a rebound.
9:57 of 2nd period - Tomas Kopecky wins face-off versus Anton Gustafsson in Blackdemons zone.
10:18 of 2nd period - Tomas Kopecky is hit by David Van Der Gulik and loses puck.
10:43 of 2nd period - Wrist shot by Matt Cullen.
10:43 of 2nd period - Stopped by Kevin Weekes with a rebound.
11:43 of 2nd period - Penalty to Nate Prosser is over, Nate Prosser is back on ice.
12:07 of 2nd period - Jordie Benn is hit by Jakub Kindl and loses puck.
12:40 of 2nd period - Slapshot by Brendon Nash.
12:40 of 2nd period - Stopped by Corey Crawford with a rebound.
12:52 of 2nd period - Josef Melichar is hit by Michael Kostka.
13:10 of 2nd period - Chris Butler is hit by Brandon Dubinsky and loses puck.
14:07 of 2nd period - Wrist shot by Steven Zalewski.
14:07 of 2nd period - Shot Misses the Net.
14:09 of 2nd period - Slapshot by Steven Zalewski.
14:09 of 2nd period - Shot Misses the Net.
15:24 of 2nd period - Snap shot by Curtis Glencross.
15:24 of 2nd period - Stopped by Corey Crawford with a rebound.
15:30 of 2nd period - Snap shot by Brandon Dubinsky.
15:30 of 2nd period - Stopped by Corey Crawford with a rebound.
15:42 of 2nd period - Snap shot by Matt Cullen.
15:42 of 2nd period - Shot Hit the Post.
16:09 of 2nd period - Wrist shot by Barry Tallackson.
16:09 of 2nd period - Shot Misses the Net.
16:51 of 2nd period - Cal O'Reilly is hit by Steven Zalewski and loses puck.
16:56 of 2nd period - Slapshot by Josef Melichar.
16:56 of 2nd period - Shot Blocked by Jakub Kindl.
16:58 of 2nd period - Snap shot by Manny Malhotra.
16:58 of 2nd period - Shot Blocked by Michael Haley.
17:00 of 2nd period - Slapshot by Josef Melichar.
17:00 of 2nd period - Stopped by Kevin Weekes without a rebound.
17:01 of 2nd period - Sam Gagner wins face-off versus Anton Gustafsson in Blackdemons zone.
17:08 of 2nd period - Blake Geoffrion is hit by Enver Lisin and loses puck.
17:15 of 2nd period - Jordie Benn is hit by Sam Gagner and loses puck.
17:28 of 2nd period - Wrist shot by Blake Geoffrion.
17:28 of 2nd period - Shot Misses the Net.
17:34 of 2nd period - Matt Cullen is hit by Brandon Dubinsky and loses puck.
18:28 of 2nd period - Wrist shot by Steven Zalewski.
18:28 of 2nd period - Stopped by Corey Crawford without a rebound.
18:29 of 2nd period - Steven Zalewski wins face-off versus Matt Cullen in Carnivores zone.
18:36 of 2nd period - Slapshot by Zach Boychuk.
18:36 of 2nd period - Shot Blocked by Andrew Ference.
18:38 of 2nd period - Snap shot by Zach Boychuk.
18:38 of 2nd period - Stopped by Corey Crawford without a rebound.
18:39 of 2nd period - Anton Gustafsson wins face-off versus Sam Gagner in Carnivores zone.
19:04 of 2nd period - Nate Prosser is hit by Nick Boynton.
19:28 of 2nd period - Wrist shot by Antoine Roussel.
19:28 of 2nd period - Shot Blocked by Josef Melichar.
19:30 of 2nd period - Minor Penalty to Matt Cullen for High sticking.
19:31 of 2nd period - Brandon Dubinsky wins face-off versus Anton Gustafsson in Carnivores zone.
19:38 of 2nd period - Wrist shot by Brandon Dubinsky.
19:38 of 2nd period - Stopped by Corey Crawford with a rebound.
Goals for this period are 2 for Blackdemons vs 1 for Carnivores.
Shots for this period are 14 for Blackdemons vs 14 for Carnivores.
3rd period
0:01 of 3rd period - Anton Gustafsson wins face-off versus Sam Gagner in neutral zone.
0:31 of 3rd period - Wrist shot by Josef Melichar.
0:31 of 3rd period - Stopped by Kevin Weekes without a rebound.
0:32 of 3rd period - Anton Gustafsson wins face-off versus Brandon Dubinsky in Blackdemons zone.
1:04 of 3rd period - Josef Melichar is hit by Brendon Nash and loses puck.
1:30 of 3rd period - Penalty to Matt Cullen is over, Matt Cullen is back on ice.
3:14 of 3rd period - Slapshot by Brendon Nash.
3:14 of 3rd period - Stopped by Corey Crawford without a rebound.
3:15 of 3rd period - Steven Zalewski wins face-off versus Anton Gustafsson in Carnivores zone.
3:20 of 3rd period - Wrist shot by Steven Zalewski.
3:20 of 3rd period - Shot Misses the Net.
4:20 of 3rd period - Off-side.
4:21 of 3rd period - Manny Malhotra wins face-off versus Shawn Matthias in neutral zone.
4:24 of 3rd period - Jakub Kindl is hit by Josef Melichar and loses puck.
4:33 of 3rd period - Josef Melichar is hit by Denis Hamel and loses puck.
5:12 of 3rd period - Snap shot by Tomas Kopecky.
5:12 of 3rd period - Shot Misses the Net.
5:14 of 3rd period - Wrist shot by Tomas Kopecky.
5:14 of 3rd period - Shot Misses the Net.
5:16 of 3rd period - Slapshot by Matt Hunwick.
5:16 of 3rd period - Shot Misses the Net.
5:18 of 3rd period - Slapshot by Matt Hunwick.
5:18 of 3rd period - Shot Misses the Net.
5:28 of 3rd period - Matt Hunwick is hit by David Schlemko and loses puck.
6:38 of 3rd period - Slapshot by Curtis Glencross.
6:38 of 3rd period - Goal by Curtis Glencross - Blackdemons : 4 - Carnivores : 3.
6:39 of 3rd period - Anton Gustafsson wins face-off versus Sam Gagner in neutral zone.
6:42 of 3rd period - Slapshot by Andrew Ference.
6:42 of 3rd period - Shot Misses the Net.
6:44 of 3rd period - Wrist shot by Blake Geoffrion.
6:44 of 3rd period - Shot Blocked by Antoine Roussel.
6:46 of 3rd period - Snap shot by Anton Gustafsson.
6:46 of 3rd period - Shot Misses the Net.
6:48 of 3rd period - Slapshot by Blake Geoffrion.
6:48 of 3rd period - Shot Blocked by Nate Prosser.
7:29 of 3rd period - Phil Oreskovic is hit by Curtis Glencross and loses puck.
7:36 of 3rd period - Snap shot by Tomas Kopecky.
7:36 of 3rd period - Stopped by Corey Crawford without a rebound.
7:37 of 3rd period - Anton Gustafsson wins face-off versus Sam Gagner in Carnivores zone.
7:37 of 3rd period - Anton Gustafsson is hit by Brendon Nash.
7:50 of 3rd period - Off-side.
7:51 of 3rd period - Denis Hamel wins face-off versus Anton Gustafsson in neutral zone.
7:51 of 3rd period - Denis Hamel is hit by David Van Der Gulik.
8:01 of 3rd period - Slapshot by Denis Hamel.
8:01 of 3rd period - Shot Misses the Net.
8:17 of 3rd period - Enver Lisin is hit by Matt Cullen and loses puck.
9:53 of 3rd period - Slapshot by Tim Conboy.
9:53 of 3rd period - Deflect By Enver Lisin.
9:53 of 3rd period - Stopped by Kevin Weekes with a rebound.
10:05 of 3rd period - Brandon Dubinsky is hit by Billy Sweat and loses puck.
11:18 of 3rd period - Minor Penalty to David Schlemko for Hooking.
11:19 of 3rd period - Sam Gagner wins face-off versus Anton Gustafsson in Carnivores zone.
12:52 of 3rd period - Enver Lisin is hit by Matt Cullen and loses puck.
12:59 of 3rd period - Nick Boynton is hit by Brendon Nash and loses puck.
13:18 of 3rd period - Penalty to David Schlemko is over, David Schlemko is back on ice.
13:43 of 3rd period - Off-side.
13:44 of 3rd period - Shawn Matthias wins face-off versus Matt Cullen in neutral zone.
16:44 of 3rd period - Icing by Denis Hamel.
16:45 of 3rd period - Sam Gagner wins face-off versus Matt Cullen in Blackdemons zone.
17:02 of 3rd period - Wrist shot by Matt Cullen.
17:02 of 3rd period - Stopped by Kevin Weekes with a rebound.
17:44 of 3rd period - Slapshot by Brendon Nash.
17:44 of 3rd period - Deflect By Zach Boychuk.
17:44 of 3rd period - Stopped by Corey Crawford without a rebound.
17:45 of 3rd period - Manny Malhotra wins face-off versus Steven Zalewski in Carnivores zone.
17:50 of 3rd period - Slapshot by Manny Malhotra.
17:50 of 3rd period - Shot Misses the Net.
18:12 of 3rd period - Antoine Roussel is hit by Tim Conboy and loses puck.
18:17 of 3rd period - Slapshot by Nick Boynton.
18:17 of 3rd period - Shot Misses the Net.
19:09 of 3rd period - Carnivores, Corey Crawford is pulled from the net.
19:09 of 3rd period - Snap shot by David Van Der Gulik.
19:09 of 3rd period - Shot Misses the Net.
19:35 of 3rd period - Slapshot by David Van Der Gulik.
19:35 of 3rd period - Stopped by Kevin Weekes without a rebound.
19:36 of 3rd period - Wayne Gretzky call a timeout for Carnivores.
19:36 of 3rd period - Matt Cullen wins face-off versus Tomas Kopecky in Blackdemons zone.
19:47 of 3rd period - Snap shot by Tomas Kopecky.
19:47 of 3rd period - Shot Misses the Net.
19:53 of 3rd period - Brendon Nash is hit by Blake Geoffrion and loses puck.
19:58 of 3rd period - Snap shot by Matt Cullen.
19:58 of 3rd period - Stopped by Kevin Weekes with a rebound.
Goals for this period are 1 for Blackdemons vs 0 for Carnivores.
Shots for this period are 4 for Blackdemons vs 5 for Carnivores.
Output by the SimonT Hockey Simulator (STHS) for François Prévost -- Original Page W3C XHTML 1.0 Valid